 Dungeon Crawl Stone Soup version 0.20.0-14-g326068f (webtiles) character file.

47 maniacrov the Caller (level 3, 0/19 HPs)
             Began as a Deep Elf Summoner on June 8, 2017.
             Succumbed to an adder's poison
             ... on level 2 of the Dungeon.
             The game lasted 00:09:48 (2034 turns).

maniacrov the Caller (Deep Elf Summoner)            Turns: 2034, Time: 00:09:48

Health: 0/19       AC:  2    Str:  2 (5)  XL:     3   Next: 48%
Magic:  10/10      EV: 13    Int: 18 (20) God:
Gold:   86         SH:  0    Dex: 13 (15) Spells: 6/9 levels left

rFire    . . .     SeeInvis .   k - +0 short sword
rCold    . . .     Gourm    .   (no shield)
rNeg     . . .     Faith    .   a - +0 robe
rPois    .         Spirit   .   (no helmet)
rElec    .         Reflect  .   (no cloak)
rCorr    .         Harm     .   (no gloves)
MR       .....                  (no boots)
Stlth    ++........             (no amulet)
Regen    0.1/turn               (no ring)
MPRegen  0.2/turn               (no ring)

@: lethally poisoned (0 -> -7)
A: no striking features
a: no special abilities


You were on level 2 of the Dungeon.
You were not hungry.

You visited 1 branch of the dungeon, and saw 2 of its levels.

You collected 86 gold pieces.

Inventory:

Hand Weapons
 k - a +0 short sword (weapon)
Armour
 a - a +0 robe (worn)
Scrolls
 d - a scroll of identify
 f - a scroll of immolation
 g - 2 scrolls of remove curse
 h - a scroll of teleportation
Potions
 c - a potion of curing {unknown}
 e - 2 potions of brilliance
 i - a potion of might {unknown}
 j - a potion of berserk rage
Books
 b - a book of Callings

   Spells                             Type                      Level
   a - Summon Small Mammal            Summoning                    1
   b - Call Imp                       Summoning                    2
   c - Call Canine Familiar           Summoning                    3
   d - Summon Guardian Golem          Hexes/Summoning              3
   e - Summon Lightning Spire         Summoning/Air                4
   f - Summon Ice Beast               Ice/Summoning                4
Comestibles
 l - a bread ration


   Skills:
 + Level 2.7 Dodging
 + Level 3.1 Stealth
 + Level 3.5 Spellcasting
 + Level 5.2 Summonings


You had 6 spell levels left.
You knew the following spells:

 Your Spells              Type           Power        Failure   Level  Hunger
a - Summon Small Mammal   Summ           ###.         1%          1    None
b - Call Imp              Summ           ###.....     2%          2    ##.....


Dungeon Overview and Level Annotations

Branches:
Dungeon (2/15)

Altars:


Message History

* * * LOW HITPOINT WARNING * * *
You hit the adder.
The adder is severely wounded.
* * * LOW HITPOINT WARNING * * *
You feel sick. The adder closely misses you.
You hit the adder but do no damage.
The adder is severely wounded.
The adder closely misses you.
You barely miss the adder.
The adder is severely wounded.
* * * LOW HITPOINT WARNING * * *
You feel sick. The adder bites you.
* * * LOW HITPOINT WARNING * * *
The adder closely misses you.
You miss the adder.
The adder is severely wounded.
The adder completely misses you.
You closely miss the adder.
The adder is severely wounded.
You die...

####.......# .#
..##.#####.# .#
#.##.# #.#####.#
#.##.# #.......#
#.##.## #......##
#.#...# #.......#
......# #.......#
......# #.......#
.###.#####.#####@#
...........# #S#
#.##..###### #.#
#.##..# #.#
#.##..# #.#
#.##..# #.#
#.##..####### #.#
............. ..#
#.##..#######


You could see an adder.

Vanquished Creatures
  A bat (D:1)
  2 giant cockroaches
  A kobold (D:2)
  2 rats
6 creatures vanquished.

Vanquished Creatures (collateral kills)
  2 adders (D:2)
  2 oozes
  A worm (D:2)
  3 dart slugs (D:1)
  A giant cockroach (D:1)
  5 goblins
  2 hobgoblins
  A quokka (D:2)
  5 bats
  2 frilled lizards (D:1)
  2 kobolds (D:1)
  6 rats
32 creatures vanquished.

Grand Total: 38 creatures vanquished

Notes
Turn   | Place    | Note
-------+----------+-------------------------------------------
     0 | D:1      | maniacrov the Deep Elf Summoner began the quest for the Orb.
     0 | D:1      | Reached XP level 1. HP: 10/10 MP: 6/6
   317 | D:1      | Reached XP level 2. HP: 3/15 MP: 5/8
   632 | D:1      | Reached skill level 5 in Summonings
  1166 | D:1      | Learned a level 2 spell: Call Imp
  1442 | D:2      | Reached XP level 3. HP: 19/19 MP: 4/9
  2034 | D:2      | Succumbed to an adder's poison

Skill      XL: |  1  2 |
---------------+-------+-----
Summonings     | 5 |  5.2
Stealth        | 3 |  3.1
Dodging        | |  2.7
Spellcasting   | |  3.5

Action                   || total
-------------------------++-------
Melee: Whip              ||    27
       Short sword       ||    56
 Cast: Summon Small Mamm ||    56
  Use: Scroll            ||     5
       Potion            ||     1
 Stab: Sleeping          ||     3
       Distracted        ||     1
  Eat: Fruit             ||     2
       Bread ration      ||     1
Armor: Robe              ||    28
Dodge: Dodged            ||    61
